 Dungeon Crawl Stone Soup version 0.25.0-11-g1f837a76a1 (webtiles) character file.

Game seed: 13109329882882597543

(classic levelgen) 8988 EnegeticOcto the Prestidigitator (level 11, 99/99 HPs)
             Began as a Deep Dwarf Fighter on June 27, 2020.
             Quit the game in a bailey.
             The game lasted 00:07:46 (5007 turns).

EnegeticOcto the Prestidigitator (DDFi)             Turns: 5007, Time: 00:07:46

Health: 99/99      AC: 10    Str: 22    XL:     11   Next: 17%
Magic:  5/5        EV:  6    Int: 10    God:
Gold:   422        SH: 11    Dex: 12    Spells: 10/10 levels left

rFire    . . .     SeeInvis .   a - +1 war axe
rCold    . . .     Gourm    .   c - +0 kite shield
rNeg     . . .     Faith    .   s - +0 chain mail
rPois    .         Spirit   .   (no helmet)
rElec    .         Reflect  .   (no cloak)
rCorr    .         Harm     .   (no gloves)
MR       ++...                  (no boots)
Stlth    ..........             (no amulet)
HPRegen  0.00/turn              (no ring)
MPRegen  0.09/turn              y - ring of protection from magic

@: non-regenerating
A: damage resistance, heal wounds, sense surroundings 2, no regeneration
a: Heal Wounds


You were in a bailey.
You were hungry.

You visited 1 branch of the dungeon, and saw 9 of its levels.
You also visited: Sewer and Bailey.

You collected 422 gold pieces.

Inventory:

Hand Weapons
 a - a +1 war axe (weapon)
Missiles
 d - 4 throwing nets {!f}
 w - a curare-tipped dart (quivered)
Armour
 b - a +0 scale mail
 c - a +0 kite shield (worn)
 s - a +0 chain mail (worn)
Jewellery
 r - an uncursed ring of poison resistance
 y - a ring of protection from magic (right hand)
Wands
 n - a wand of polymorph (9)
 p - a wand of random effects (20)
Scrolls
 f - 4 scrolls of remove curse {@r2}
 g - a scroll of amnesia {unknown}
 h - a scroll of identify {@r1}
 k - 2 scrolls of teleportation {@r3 !r}
 m - 3 scrolls of fog {!r}
 o - a scroll of blinking {unknown}
 u - a scroll of magic mapping {@r5 !r}
Potions
 i - 2 potions of stabbing {@q5 !q}
 q - 2 potions of mutation
 t - a potion of heal wounds {@q2 !q}
Comestibles
 e - 19 rations


   Skills:
 + Level 6.7 Fighting
 * Level 10.5 Axes
 + Level 8.1 Armour
 + Level 8.1 Shields
 * Level 11.6 Evocations


You had 10 spell levels left.
You didn't know any spells.
Your spell library contained the following spells:

 Spells                   Type           Power        Failure   Level  Hunger
 Foxfire                  Conj/Fire      #...         99%         1    ##.....
 Magic Dart               Conj           #...         99%         1    ##.....
 Summon Small Mammal      Summ           #...         99%         1    ##.....
 Call Imp                 Summ           #.......     100%        2    ###....
 Searing Ray              Conj           #.....       100%        2    ###....
 Call Canine Familiar     Summ           #.......     100%        3    ####...
 Conjure Flame            Conj/Fire      #.......     100%        3    ####...
 Dazzling Flash           Conj/Hex       #.....       100%        3    ####...
 Inner Flame              Hex/Fire       #.......     100%        3    ####...
 Summon Guardian Golem    Hex/Summ       #.......     100%        3    ####...
 Fulminant Prism          Conj/Hex       #.........   100%        4    #####..
 Iskenderun's Mystic Bla  Conj/Tloc      #.......     100%        4    #####..
 Sticky Flame             Conj/Fire      #.......     100%        4    #####..
 Summon Ice Beast         Ice/Summ       #.......     100%        4    #####..
 Summon Lightning Spire   Summ/Air       #.......     100%        4    #####..
 Fireball                 Conj/Fire      #.........   100%        5    ######.


Dungeon Overview and Level Annotations

Branches:
Dungeon (9/15)             Temple (0/1) D:5            Lair (0/6) D:9
  Sewer (visited)          Bailey (1/1)
    Orc: D:9-12

Altars:
Cheibriados
Gozag
Hepliaklqana
Okawaru
Qazlal
Sif Muna
Vehumet
Yredelemnul

Shops:
D:8 *   D:9 =

Annotations:
D:5 exclusion: statue


Innate Abilities, Weirdness & Mutations

You are resistant to damage.
You can heal yourself by infusing magical energy.
You passively map the area around you.
You do not regenerate.


Message History

The kobold throws a boomerang.
The boomerang hits you but does no damage.
The weapon returns to the kobold!
No reachable target in view!
No reachable target in view!
No reachable target in view!
No reachable target in view!
No reachable target in view!
No reachable target in view!
No reachable target in view!
No reachable target in view!
No reachable target in view!
No reachable target in view!
A kobold comes into view.
The kobold shouts!
The kobold throws a boomerang.
You block the boomerang.
The weapon returns to the kobold!
The kobold throws a boomerang.
The boomerang hits you but does no damage.
The weapon returns to the kobold!
The kobold throws a boomerang.
The boomerang hits you.
The weapon returns to the kobold!
The kobold throws a boomerang.
You block the boomerang.
The weapon returns to the kobold!
The kobold throws a boomerang.
The boomerang completely misses you.
The weapon returns to the kobold!
The kobold throws a boomerang.
The boomerang hits you but does no damage.
The weapon returns to the kobold!
Things that are here:
a +0 hand axe; a +0 leather armour You feel much better.
The kobold throws a boomerang.
You block the boomerang.
The weapon returns to the kobold!
The kobold throws a boomerang.
The boomerang hits you but does no damage.
The weapon returns to the kobold!
The kobold throws a boomerang.
The boomerang hits you but does no damage.
The weapon returns to the kobold!
The kobold throws a boomerang.
The boomerang hits you but does no damage.
The weapon returns to the kobold!
The kobold throws a boomerang.
You block the boomerang.
The weapon returns to the kobold!
The kobold throws a boomerang.
The boomerang barely misses you.
The weapon returns to the kobold!
The kobold throws a boomerang.
You block the boomerang.
The weapon returns to the kobold!
The kobold throws a boomerang.
The boomerang hits you but does no damage.
The weapon returns to the kobold!
The kobold throws a boomerang.
The boomerang hits you but does no damage.
The weapon returns to the kobold!
The kobold throws a boomerang.
You block the boomerang.
The weapon returns to the kobold!
The kobold throws a boomerang.
You block the boomerang.
The weapon returns to the kobold!
The kobold throws a boomerang.
You block the boomerang.
The weapon returns to the kobold!
The kobold throws a boomerang.
You block the boomerang.
The weapon returns to the kobold!
The kobold throws a boomerang.
The boomerang hits you but does no damage.
The weapon returns to the kobold!
The kobold throws a boomerang.
The boomerang hits you but does no damage.
The weapon returns to the kobold!
The kobold throws a boomerang.
The boomerang hits you but does no damage.
The weapon returns to the kobold!
The kobold throws a boomerang.
You block the boomerang.
The kobold throws a boomerang.
You block the boomerang.
The weapon returns to the kobold!
The kobold throws a boomerang.
The boomerang hits you but does no damage.
The kobold throws a boomerang.
You block the boomerang.
The weapon returns to the kobold!
The kobold throws a boomerang.
You block the boomerang.
The weapon returns to the kobold!
The kobold throws a boomerang.
The boomerang hits you but does no damage.
The weapon returns to the kobold!
The kobold throws a boomerang.
The boomerang hits you but does no damage.
The weapon returns to the kobold!
The kobold throws a boomerang.
The boomerang hits you but does no damage.
The weapon returns to the kobold!
The kobold throws a boomerang.
The boomerang barely misses you.
The weapon returns to the kobold!
The kobold throws a boomerang.
You block the boomerang.
The weapon returns to the kobold!
The kobold throws a boomerang.
You block the boomerang.
The weapon returns to the kobold!
The kobold throws a boomerang.
The boomerang closely misses you.
The weapon returns to the kobold!
The kobold throws a boomerang.
The boomerang hits you but does no damage.
The weapon returns to the kobold!
The kobold throws a boomerang.
You block the boomerang.
The kobold throws a boomerang.
You block the boomerang.
The weapon returns to the kobold!
The kobold throws a boomerang.
The boomerang hits you but does no damage.
The weapon returns to the kobold!
The kobold throws a boomerang.
The boomerang hits you but does no damage.
The kobold throws a boomerang.
The boomerang hits you but does no damage.
The weapon returns to the kobold!
The kobold throws a boomerang.
The boomerang barely misses you.
The weapon returns to the kobold!
The kobold throws a boomerang.
You block the boomerang.
The weapon returns to the kobold!
The kobold throws a boomerang.
You block the boomerang.
The weapon returns to the kobold!
The kobold throws a boomerang.
The boomerang hits you but does no damage.
The weapon returns to the kobold!
Sif Muna's wrath finds you.
Sif Muna seems mollified.
Are you sure you want to abandon this character and quit the game? (Confirm with "yes".)

,, , .8. ,, *
...* * ##'##
#...# #...#
...*
######'######
#....≈@≈....#
#'###≈.≈###'#
#....≈.≈K...#
#'###≈.≈###'#
#^..K≈.≈KK..#
#'###≈.≈###+#
#..KK≈)≈K..^#
#'###≈)≈###+#
#...K≈.≈K...#


You could see 5 kobolds.

Vanquished Creatures
  Harold (D:9)
  A centaur warrior (D:9)
  2 two-headed ogres
  Pikel (D:8)
  A troll (D:9)
  2 hippogriffs
  A spriggan (D:7)
  6 yaks (D:9)
  Duvessa (D:4)
  A water moccasin (D:9)
  7 orc warriors
  2 ice beasts
  A sky beast (D:9)
  Purgy (Sewer)
  2 phantoms
  A black bear (D:8)
  4 slaves (D:8)
  2 centaurs
  4 ogres
  3 crocodiles (D:9)
  7 bullfrogs
  Dowan (D:4)
  2 scorpions (D:5)
  A wight (D:9)
  6 howler monkeys
  5 crimson imps
  A bullfrog zombie (D:6)
  3 hounds
  4 orc priests
  3 bullfrog skeletons
  7 orc wizards
  A centaur skeleton (D:8)
  5 iguanas
  12 worker ants
  3 hound skeletons
  A worker ant zombie (D:5)
  A gnoll (Bailey)
  A river rat (D:6)
  6 adders
  2 shadow imps (D:6)
  4 adder zombies
  An adder skeleton (D:4)
  2 worms
  2 dart slugs (D:1)
  4 leopard geckos
  23 orcs
  8 giant cockroaches
  12 goblins
  8 hobgoblins
  6 jackals
  5 quokkas
  A bat (Sewer)
  2 frilled lizards
  2 gnoll zombies (D:5)
  8 kobolds
  3 leopard gecko skeletons
  7 rats
214 creatures vanquished.

Notes
Turn   | Place    | Note
-------+----------+-------------------------------------------
     0 | D:1      | EnegeticOcto the Deep Dwarf Fighter began the quest for the
                  | Orb.
     0 | D:1      | Reached XP level 1. HP: 20/20 MP: 1/1
    41 | D:1      | Noticed a big kobold
    49 | D:1      | Noticed a big kobold
    49 | D:1      | Noticed a big kobold
    50 | D:1      | Noticed a big kobold
   133 | D:1      | Reached XP level 2. HP: 22/27 MP: 2/2
   215 | D:1      | Your magical essence is drained by the effort!
   577 | D:3      | Reached skill level 3 in Fighting
   577 | D:3      | Reached skill level 3 in Axes
   577 | D:3      | Reached XP level 3. HP: 26/34 MP: 2/2
   696 | D:4      | Reached XP level 4. HP: 32/42 MP: 3/3
   701 | D:4      | Reached skill level 1 in Evocations
   781 | D:4      | Reached skill level 4 in Armour
   781 | D:4      | Reached XP level 5. HP: 35/49 MP: 5/5
   818 | D:4      | Reached skill level 4 in Axes
   818 | D:4      | Reached skill level 4 in Shields
   818 | D:4      | Reached skill level 2 in Evocations
   867 | D:4      | Found a stormy altar of Qazlal.
  1042 | D:4      | Found a snail-covered altar of Cheibriados.
  1042 | D:4      | Found a shimmering blue altar of Sif Muna.
  1043 | D:4      | Found an opulent altar of Gozag.
  1044 | D:4      | Found an iron altar of Okawaru.
  1050 | D:4      | Became a worshipper of Sif Muna the Loreminder
  1051 | D:4      | Fell from the grace of Sif Muna
  1076 | D:4      | Noticed Dowan
  1077 | D:4      | Noticed Duvessa
  1093 | D:4      | Killed Duvessa
  1093 | D:4      | Reached skill level 3 in Evocations
  1093 | D:4      | Reached XP level 6. HP: 49/56 MP: 5/7
  1094 | D:4      | Your magical essence is drained by the effort!
  1107 | D:4      | Killed Dowan
  1260 | D:4      | Reached skill level 4 in Evocations
  1299 | D:4      | Your magical essence is drained by the effort!
  1306 | D:4      | Reached skill level 5 in Axes
  1306 | D:4      | Reached XP level 7. HP: 49/63 MP: 7/7
  1458 | D:4      | Your magical essence is drained by the effort!
  1577 | D:5      | Entered Level 5 of the Dungeon
  1664 | D:5      | Reached skill level 4 in Fighting
  1711 | D:5      | Reached skill level 5 in Evocations
  1746 | D:5      | Found a staircase to the Ecumenical Temple.
  1798 | D:5      | Reached skill level 5 in Armour
  1798 | D:5      | Reached skill level 5 in Shields
  1951 | D:5      | Found a radiant altar of Vehumet.
  2012 | D:5      | Reached skill level 6 in Axes
  2012 | D:5      | Reached XP level 8. HP: 54/72 MP: 8/8
  2068 | D:5      | Found a basalt altar of Yredelemnul.
  2389 | D:6      | Reached skill level 6 in Evocations
  2822 | D:6      | Found a glowing drain.
  2842 | Sewer    | Entered a sewer
  2974 | Sewer    | Noticed Purgy
  2983 | Sewer    | Killed Purgy
  2983 | Sewer    | Reached skill level 7 in Axes
  2983 | Sewer    | Reached skill level 7 in Evocations
  3123 | D:7      | Noticed a hippogriff
  3139 | D:7      | Killed a hippogriff
  3146 | D:7      | Reached skill level 6 in Shields
  3146 | D:7      | Gained mutation: You passively map the area around you.
                  | [Deep Dwarf growth]
  3146 | D:7      | Reached XP level 9. HP: 59/80 MP: 4/10
  3219 | D:7      | Reached skill level 6 in Armour
  3298 | D:7      | Reached skill level 5 in Fighting
  3408 | D:7      | Reached skill level 8 in Evocations
  3470 | D:7      | Your magical essence is drained by the effort!
  3580 | D:8      | Reached skill level 8 in Axes
  3619 | D:8      | Noticed a two-headed ogre
  3629 | D:8      | Your magical essence is drained by the effort!
  3633 | D:8      | Your magical essence is drained by the effort!
  3636 | D:8      | HP: 3/81 [two-headed ogre/+0 giant spiked club (10)]
  3658 | D:8      | Killed a two-headed ogre
  3658 | D:8      | Reached skill level 9 in Evocations
  3676 | D:8      | Found Losuicac's Lightly-Used Armoury.
  3992 | D:8      | Your magical essence is drained by the effort!
  3999 | D:8      | Your magical essence is drained by the effort!
  4027 | D:8      | Noticed Pikel
  4032 | D:8      | Reached XP level 10. HP: 83/91 MP: 8/8
  4045 | D:8      | Killed Pikel
  4045 | D:8      | Reached skill level 9 in Axes
  4045 | D:8      | Reached skill level 7 in Armour
  4045 | D:8      | Reached skill level 7 in Shields
  4077 | D:8      | Found a hazy altar of Hepliaklqana.
  4324 | D:9      | Noticed a two-headed ogre
  4335 | D:9      | Reached skill level 10 in Evocations
  4339 | D:9      | Your magical essence is drained by the effort!
  4340 | D:9      | Your magical essence is drained by the effort!
  4356 | D:9      | Killed a two-headed ogre
  4356 | D:9      | Reached skill level 6 in Fighting
  4415 | D:9      | Found a staircase to the Lair.
  4423 | D:9      | Your magical essence is drained by the effort!
  4489 | D:9      | Found Taahoafy's Jewellery Shop.
  4613 | D:9      | Noticed Harold
  4634 | D:9      | Killed Harold
  4691 | D:9      | Noticed a centaur warrior
  4705 | D:9      | Killed a centaur warrior
  4705 | D:9      | Reached skill level 10 in Axes
  4705 | D:9      | Reached skill level 11 in Evocations
  4827 | D:8      | Reached XP level 11. HP: 60/99 MP: 7/7
  4828 | D:8      | Your magical essence is drained by the effort!
  4847 | D:9      | Reached skill level 8 in Armour
  4853 | D:9      | Reached skill level 8 in Shields
  4871 | D:9      | Your magical essence is drained by the effort!
  4895 | D:9      | Found a flagged portal.
  4905 | Bailey   | Entered a bailey
  5006 | Bailey   | Was forgiven by Sif Muna
  5007 | Bailey   | Quit the game

Illustrated notes

Levels and vault maps discovered:
D:1:      erik_arrival_cave_to_civilisation [erik_arrival_cave_to_temple],
          layout_rooms, minmay_misc_feat_cross
D:2:      layout_loops_ring, first_ration, kennysheep_generic_room_6
D:3:      cheibrodos_helix_gallery, layout_basic
D:4:      layout_cave_pods, lemuel_doored_altar, grunt_temple_overflow_open,
          uniq_duvessa
D:5:      layout_loops_ring, lemuel_zombie_altar_yredelemnul, vehumet_statue,
          minmay_temple_entry_hall
D:6:      layout_rooms, portal_sewer_entry_b, kennysheep_small_square
D:7:      layout_basic, the_bakery, minmay_misc_feat_doors
D:8:      layout_rooms, old_standard_altar, minmay_shop_damaged, uniq_pikel
D:9:      cheibrodos_elevator_heist, layout_rooms,
          nicolae_overflow_quartered_altars, david_lair_generic, enter_bailey_3,
          serial_shops, shop_statue, minmay_misc_feat_columns, uniq_harold
Bailey:   bailey_axe_1, bailey

Skill      XL: |  1  2  3  4  5  6  7  8  9 10 11 |
---------------+----------------------------------+-----
Fighting       | 3 4 5 6 |  6.7
Axes           | 3 4 5 6 7 8 10 | 10.5
Evocations     | 1 3 4 5 7 9 11 | 11.6
Armour         | 4 5 6 7 8 |  8.1
Shields        | 4 5 6 7 8 |  8.1

Action                   |  1- 3 |  4- 6 |  7- 9 | 10-12 || total
-------------------------+-------+-------+-------+-------++-------
Melee: War axe           |    87 |    94 |   467 |   305 ||   953
Throw: Dart              |       |       |     4 |     7 ||    11
Invok: Renounce Religion |       |     1 |       |       ||     1
 Abil: Heal Wounds       |     2 |     5 |    29 |    19 ||    55
Evoke: Wand              |       |     4 |       |       ||     4
       Phantom mirror    |       |       |     1 |       ||     1
  Use: Scroll            |       |       |     8 |     4 ||    12
       Potion            |       |       |     3 |     3 ||     6
  Eat: Chunk             |       |     2 |     9 |     4 ||    15
Armor: Scale mail        |    44 |    30 |       |       ||    74
       Chain mail        |       |     7 |   242 |   263 ||   512
Dodge: Dodged            |    24 |    24 |   104 |   153 ||   305
Block: Kite shield       |    50 |    47 |   293 |   304 ||   694
